 Dungeon Crawl Stone Soup version 0.31-a0-667-g39726597b9 (webtiles) character file.

Game seed: 9488126099783360543

12357 Conn the Covert (level 11, 0/93 HPs)
             Began as an Octopode Fire Elementalist on Sept 3, 2023.
             Was a Believer of Sif Muna.
             Slain by a fire bat (3 damage)
             ... in a Gauntlet.
             The game lasted 00:39:47 (13844 turns).

Conn the Covert (Octopode Fire Elementalist)       Turns: 13844, Time: 00:39:48

Health: 0/93       AC:  1    Str:  8    XL:     11   Next: 92%
Magic:  22/22      EV: 16    Int: 23    God:    Sif Muna [**....]
Gold:   617        SH:  0    Dex: 13    Spells: 0/24 levels left

rFire   + . .        m - staff of conjuration
rCold   + + .        (no shield)
rNeg    + + .        (helmet restricted)
rPois   +            (no amulet)
rElec   .            h - ring of wizardry
rCorr   +            u - ring of Muph {rPois rN+ rCorr Int+2}
SInv    .            y - ring of protection from cold
Will    +....        A - ring of protection from fire Stlth
                     o - ring of Equivalence {rC+ rN+ Will+}
HPRegen 0.35/turn    (no ring)
MPRegen 0.18/turn    (no ring)
                     (no ring)

%: no teleportation, wizardry (x1)
@: mighty, berserking (expiring), sluggish
A: almost no armour, amphibious, 8 rings, camouflage 1, gelatinous body 1,
(nimble swimmer 1), tentacles
a: Renounce Religion, Channel Magic


You were in a Gauntlet.
You worshipped Sif Muna.
Sif Muna was pleased with you.
You visited 3 branches of the dungeon, and saw 12 of its levels.
You also visited: Gauntlet.

You collected 617 gold pieces.

Inventory:

Hand Weapons
 e - a +0 dagger
 v - a +4 dagger
Missiles
 n - 7 curare-tipped darts
Magical Staves
 m - a staff of conjuration (weapon)
Jewellery
 h - a ring of wizardry (left tentacle)
 o - the ring of Equivalence (on tentacle) {rC+ rN+ Will+}
   (You found it in a Gauntlet)

   [ring of positive energy]

   rC+:       It protects you from cold.
   rN+:       It protects you from negative energy.
   Will+:     It increases your willpower.
 u - the ring of Muph (right tentacle) {rPois rN+ rCorr Int+2}
   (You found it on level 6 of the Dungeon)

   [ring of resist corrosion]

   Int+2:     It affects your intelligence (+2).
   rPois:     It protects you from poison rN+: It protects you from negative
   energy.
   rCorr:     It protects you from acid and corrosion.
 y - a ring of protection from cold (on tentacle)
 A - a ring of protection from fire (on tentacle)
Wands
 b - a wand of roots (2)
 s - a wand of acid (11)
 t - a wand of flame (24)
Scrolls
 c - 2 scrolls of torment
 d - 2 scrolls of revelation
 i - 5 scrolls of blinking
 j - a scroll of fear
 k - 4 scrolls of teleportation
 l - 3 scrolls of enchant weapon
 q - a scroll of immolation
 r - 2 scrolls of brand weapon
 w - a scroll of identify
Potions
 g - 3 potions of mutation
 p - 2 potions of attraction
 x - a potion of lignification


   Skills:
 + Level 0.9 Fighting
 + Level 7.3 Dodging
 - Level 8.0 Stealth
 * Level 7.3 Spellcasting
 * Level 7.7 Conjurations
 - Level 4.3 Hexes
 + Level 7.6 Fire Magic
 + Level 6.8 Ice Magic
 + Level 3.0 Air Magic
 * Level 5.5 Invocations


You couldn't memorise any spells.
You knew the following spells:

 Your Spells              Type           Power      Damage    Failure   Level
a - Foxfire               Conj/Fire      100%       2x1d9     1%          1
b - Scorch                Fire           86%        2d8       1%          2
c - Inner Flame           Hex/Fire       35%        N/A       1%          3
d - Flame Wave            Conj/Fire      60%        2d14      1%          4
e - Ozocubu's Armour      Ice            40%        N/A       1%          3
f - Metabolic Englaciati  Hex/Ice        17%        N/A       9%          5
g - Swiftness             Air            22%        N/A       2%          3
h - Dazzling Flash        Conj/Hex       100%       N/A       1%          3

Your spell library contained the following spells:

 Spells                   Type           Power      Damage    Failure   Level
 Ensorcelled Hibernation  Hex/Ice        68%        N/A       1%          2
 Momentum Strike          Conj/Tloc      78%        3d10      1%          2
 Volatile Blastmotes      Fire/Tloc      50%        2d14      1%          3
 Sticky Flame             Conj/Fire      60%        2d8       1%          4
 Ignite Poison            Fire/Tmut/Pois 20%        N/A       3%          3
 Passwall                 Tmut/Erth      6%         N/A       4%          2
 Leda's Liquefaction      Hex/Erth       9%         N/A       12%         4
 Irradiate                Conj/Tmut      19%        3d18      16%         5
 Silence                  Hex/Air        12%        N/A       17%         5
 Starburst                Conj/Fire      30%        6d9       19%         6
 Agony                    Necr           8%         N/A       58%         5
 Leda's Unmaking          Conj/Erth      19%        9d4       65%         6
 Simulacrum               Ice/Necr       12%        N/A       69%         6
 Ignition                 Fire           21%        3d8       100%        8
 Maxwell's Capacitive Co  Air            11%        ∞         100%        8


Dungeon Overview and Level Annotations

Branches:
Dungeon (9/15)             Temple (1/1) D:5            Lair (2/5) D:8
 Shoals (0/4) Lair:2       Spider (0/4) Lair:2      Gauntlet (1/1)
    Orc: D:9-12

Altars:
Ashenzari
Cheibriados
Dithmenos
Elyvilon
Fedhas
Gozag
Hepliaklqana
Kikubaaqudgha
Makhleb
Nemelex Xobeh
Okawaru
Qazlal
Ru
Sif Muna
Trog
Uskayaw
Vehumet
Wu Jian
Xom
Yredelemnul
Zin
The Shining One

Shops:
D:8 (

Annotations:
Lair:1 1 runed translucent door, zdzicho121's ghost, journeyman GrEE Gauntlet 5 transporters, 1 runed translucent door


Innate Abilities, Weirdness & Mutations

You cannot wear most types of armour.
You are amphibious.
You can wear up to eight rings at the same time.
Your skin changes colour to match your surroundings (Stealth+).
Your rubbery body absorbs attacks. (AC +1, EV +1)
((You are camouflaged when in or above water. (Stealth+)))
You have tentacles for arms and can constrict up to eight enemies at once.


Message History

The fire bat bites you.
You are engulfed in flames.
You resist. The fire bat completely misses you. The hell hound misses you.
You hit the hell hound but do no damage.
The hell hound is severely wounded.
You constrict the hell hound. The fire bat barely misses you.
The fire bat bites you.
You are engulfed in flames.
You resist. The hell hound completely misses you.
The hell hound breathes flames at you.
The blast of flame hits the hell hound.
The hell hound completely resists.
The blast of flame misses you.
You hit the hell hound.
You blast the hell hound.
The hell hound is almost dead.
You constrict the hell hound, but do no damage.
The fire bat barely misses you. The hell hound bites you!
The fire bat completely misses you.
Unknown command.
You hit the hell hound!
You kill the hell hound!
Sif Muna accepts your kill.
You feel sluggish. The fire bat misses you. The fire bat closely misses you.
The hell hound bites you.
* * * LOW HITPOINT WARNING * * *
You completely miss the hell hound. You grab the hell hound.
You constrict the hell hound. The fire bat barely misses you.
The fire bat closely misses you. The hell hound breathes flames at you.
The blast of flame hits you! You resist.
* * * LOW HITPOINT WARNING * * *
Unknown command.
You hit the hell hound but do no damage.
The hell hound is lightly wounded.
You constrict the hell hound. The fire bat bites you.
* * * LOW HITPOINT WARNING * * *
You are engulfed in flames.
You resist.
* * * LOW HITPOINT WARNING * * *
The hell hound misses you. The fire bat bites you.
* * * LOW HITPOINT WARNING * * *
You are engulfed in flames.
You resist.
You die...

# ### ### ### ### ### ### ###
###≈###≈###≈###≈###≈###≈###≈##
≈#≈≈≈#≈≈≈#≈≈≈#≈≈≈#≈≈≈#≈≈≈#≈≈≈#
...........................≈##
...#########...#########...##
.8.###.....#.8.#§##.#.!#...≈##
...####.##.#...##..##.##...≈≈#
####....##.######h#^.###...≈##
©.©#.#.©.#©#©.©#@##©#.©#...##
...#.##....#...##bt##.##...≈##
...#.##.####...##b#..###...≈≈#
8©8#.....###8©8#.##.#.[#...≈##
########################...##
...........................≈##
⌠8...#≈≈≈#≈≈≈#≈≈≈#≈≈≈#≈≈≈#≈≈≈#
....###≈###≈###≈###≈###≈###≈##
##### ### ### ### ### ### ###


You could see a fire crab, a hell hound (catching breath) and 2 fire bats.

Vanquished Creatures
  A soul eater (Gauntlet)
  A black mamba (Lair:1)
  4 cane toads
  A rime drake (Lair:1)
  A troll (D:9)
  A raiju (Gauntlet)
  A hornet (D:8)
  6 shadows (Gauntlet)
  16 yaks
  A fire bat (Gauntlet)
  4 wyverns
  A basilisk (Lair:2)
  3 steam dragons
  Grum (Lair:1)
  A hell hound (Gauntlet)
  4 water moccasins
  4 sky beasts
  An orc warrior (D:9)
  An ice beast (D:6)
  A black bear (D:8)
  A centaur (D:9)
  A boggart (Gauntlet)
  6 wolves
  3 ogres
  2 phantoms
  3 kobold brigands
  6 bullfrogs
  4 scorpions
  A gnoll sergeant (D:8)
  7 wights
  3 killer bees (D:9)
  An electric eel (Lair:2)
  9 howler monkeys
  5 hounds
  3 jellies
  3 orc priests
  Crazy Yiuf (D:4)
  A sleepcap (D:6)
  Ijyb (D:4)
  2 iguanas
  5 orc wizards
  5 hell rats (Lair:1)
  2 adders
  10 gnolls
  A shadow imp (D:6)
  A white imp (D:7)
  2 worms
  3 dart slugs
  15 orcs
  7 endoplasms
  5 giant cockroaches
  9 goblins
  6 hobgoblins
  7 jackals
  24 kobolds
  6 quokkas
  9 ball pythons
  4 bats
  A frilled lizard (D:2)
  6 rats
  A butterfly (D:5)
246 creatures vanquished.

Vanquished Creatures (others)
  An orc wizard (D:7)
  630 foxfires
631 creatures vanquished.

Grand Total: 877 creatures vanquished

Notes
Turn   | Place    | Note
-------+----------+-------------------------------------------
     0 | D:1      | Conn the Octopode Fire Elementalist began the quest for the
                  | Orb.
     0 | D:1      | Reached XP level 1. HP: 11/11 MP: 3/3
   378 | D:1      | Reached skill level 3 in Stealth
   378 | D:1      | Reached XP level 2. HP: 17/17 MP: 0/5
   480 | D:1      | You fall into a shaft and drop 1 floor!
   539 | D:1      | Learned a level 2 spell: Scorch
   855 | D:1      | Reached XP level 3. HP: 21/21 MP: 3/6
  2645 | D:3      | Reached XP level 4. HP: 27/27 MP: 0/7
  3378 | D:4      | Reached skill level 4 in Stealth
  3378 | D:4      | Reached XP level 5. HP: 31/31 MP: 1/9
  3724 | D:4      | Noticed Ijyb
  3821 | D:3      | Learned a level 3 spell: Inner Flame
  3884 | D:4      | Killed Ijyb
  4042 | D:4      | Reached XP level 6. HP: 36/36 MP: 0/10
  4510 | D:4      | Found a glowing silver altar of Zin.
  4588 | D:4      | Found a snail-covered altar of Cheibriados.
  4795 | D:4      | Noticed a water moccasin
  4802 | D:4      | Killed a water moccasin
  4803 | D:4      | Reached skill level 5 in Stealth
  4969 | D:4      | Found a runed translucent door.
  4970 | D:4      | Noticed Crazy Yiuf
  4985 | D:4      | Killed Crazy Yiuf
  5045 | D:5      | Entered Level 5 of the Dungeon
  5070 | D:5      | Reached XP level 7. HP: 37/41 MP: 2/12
  5178 | D:5      | Got the Cyclopedia of Trauma and the Gargoyle
  5203 | D:5      | Learned a level 4 spell: Flame Wave
  5207 | D:5      | Learned a level 3 spell: Ozocubu's Armour
  5742 | D:5      | Reached skill level 6 in Stealth
  5781 | D:5      | Found a staircase to the Ecumenical Temple.
  5883 | D:5      | Found a burning altar of Makhleb.
  5884 | D:5      | Found a shimmering altar of Xom.
  5925 | D:5      | Reached XP level 8. HP: 24/46 MP: 2/14
  6056 | D:6      | Reached skill level 1 in Ice Magic
  6148 | D:6      | Reached skill level 5 in Fire Magic
  6317 | D:6      | Identified the ring of Muph {rPois rN+ rCorr Int+2}
  6611 | D:6      | Reached skill level 7 in Stealth
  6785 | D:6      | Reached skill level 5 in Dodging
  6869 | D:6      | Identified the +3 rapier "Haanaob" {antimagic, Dex+5
                  | Stlth+}
  7020 | D:6      | Found a stormy altar of Qazlal.
  7048 | D:6      | Reached XP level 9. HP: 51/51 MP: 10/16
  7586 | D:7      | Reached skill level 5 in Conjurations
  7595 | D:7      | Reached skill level 5 in Spellcasting
  7702 | D:6      | Learned a level 5 spell: Metabolic Englaciation
  7956 | D:7      | Reached skill level 8 in Stealth
  8114 | D:7      | Reached skill level 1 in Hexes
  8933 | Temple   | Entered the Ecumenical Temple
  8954 | Temple   | Became a worshipper of Sif Muna the Loreminder
  9080 | D:8      | Found a shadowy altar of Dithmenos.
  9131 | D:8      | Found a staircase to the Lair.
  9172 | D:8      | Reached XP level 10. HP: 56/56 MP: 4/18
  9331 | D:8      | Reached skill level 1 in Invocations
  9333 | D:8      | Reached skill level 5 in Ice Magic
  9663 | D:8      | Found Ismai's Weapon Shop.
 10487 | D:9      | Reached * piety under Sif Muna
 11179 | D:9      | Learned a level 3 spell: Swiftness
 11231 | Lair:1   | Entered Level 1 of the Lair of Beasts
 11231 | Lair:1   | Noticed a cane toad
 11237 | Lair:1   | Killed a cane toad
 11361 | Lair:1   | Reached skill level 1 in Air Magic
 11364 | Lair:1   | Noticed a black mamba
 11369 | Lair:1   | Killed a black mamba
 11374 | Lair:1   | Noticed a cane toad
 11396 | Lair:1   | Reached XP level 11. HP: 33/61 MP: 20/20
 11555 | Lair:1   | Noticed Grum
 11565 | Lair:1   | Killed Grum
 12631 | Lair:1   | Noticed zdzicho121's ghost (journeyman GrEE)
 12632 | Lair:1   | Found a runed translucent door.
 12635 | Lair:1   | Noticed a spriggan rider
 12636 | Lair:1   | Identified the +6 trident of the Thoughtful Quests {flame,
                  | Fragile rC++ rN+ Int+3}
 13028 | Lair:2   | Reached ** piety under Sif Muna
 13190 | Lair:2   | Found a gate leading to a gauntlet.
 13199 | Gauntlet | Entered a Gauntlet
 13199 | Gauntlet | Noticed a worldbinder
 13199 | Gauntlet | Found a transporter.
 13208 | Gauntlet | Found a transporter.
 13210 | Gauntlet | Found a transporter.
 13211 | Gauntlet | Found a transporter.
 13216 | Gauntlet | Noticed a soul eater
 13232 | Gauntlet | Found a transporter.
 13235 | Gauntlet | Found a transporter.
 13236 | Gauntlet | Found a transporter.
 13240 | Gauntlet | Found a runed translucent door.
 13242 | Gauntlet | Found a runed translucent door.
 13244 | Gauntlet | Found a transporter.
 13247 | Gauntlet | Found a transporter.
 13248 | Gauntlet | Found a transporter.
 13256 | Gauntlet | Found a transporter.
 13259 | Gauntlet | Found a transporter.
 13260 | Gauntlet | Found a transporter.
 13268 | Gauntlet | Found a transporter.
 13268 | Gauntlet | Noticed a fire crab
 13380 | Gauntlet | Noticed a skeletal warrior
 13386 | Gauntlet | Noticed a death scarab
 13502 | Gauntlet | Learned a level 3 spell: Dazzling Flash
 13518 | Gauntlet | Killed a soul eater
 13519 | Gauntlet | Reached skill level 5 in Invocations
 13810 | Gauntlet | Identified the ring of Equivalence {rC+ rN+ Will+}
 13844 | Gauntlet | HP: 3/93 [fire bat (4)]
 13844 | Gauntlet | Slain by a fire bat

Illustrated notes

Levels and vault maps discovered:
D:1:      dpeg_arrival_concentric_ovals, layout_basic, serial_corexii_hall,
          chequers_hall_statues_corner_a, corexii_hall_statues_s
D:2:      layout_basic, nicolae_eternal_life
D:3:      layout_basic, hangedman_glass_teeth, chequers_serial_rivers_room_b,
          dreamdust_mushroom_princess, hangedman_decor_points, minmay_ruptured
D:4:      layout_rooms, zin_scriptorium, nicolae_overflow_crystal_walls,
          minmay_increasing_density, uniq_crazy_yiuf_cottage, uniq_ijyb
D:5:      layout_rooms, grunt_temple_overflow_champion_of_chaos,
          minmay_temple_entry_butterflies, sigmund_army
D:6:      layout_basic, mainiacjoe_overflow_brackets
D:7:      layout_loops_ring, serial_glass, glass_columns_c, glass_columns_a
D:8:      kennysheep_spiral_hall, layout_rooms, grunt_dithmenos_shadows,
          lair_entry_dummy, serial_shops, nicolae_take_the_stairs
D:9:      layout_loops_corners, minivault_23
Temple:   nicolae_temple_superstar
Lair:1:   layout_regular_city, ebering_ghost_funeral_grove, grunt_megastairs_5,
          uniq_grum
Lair:2:   minmay_lair_oklob_tunnel, layout_gridlike, elwin_shoals_entry_stream,
          spider_nest_entry_funnel_web, gauntlet_entry_generic,
          serial_bayou_crossing, infiniplex_staircase_pool_2
Gauntlet: gammafunk_gauntlet_77_escape_option
          [minmay_gauntlet_arena_77_checkered,
          minmay_gauntlet_arena_77_terracotta_army,
          minmay_gauntlet_arena_77_cramped, minmay_gauntlet_arena_77_p_blocks,
          minmay_gauntlet_arena_77_tiled_triplets, gauntlet_exit_green]

Skill      XL: |  1  2  3  4  5  6  7  8  9 10 11 |
---------------+----------------------------------+-----
Stealth        | 3 4 5 6 7 8 |  8.0
Conjurations   | 2 3 4 5 6 7 |  7.7
Dodging        | 3 4 5 6 7 |  7.3
Spellcasting   | 3 4 5 6 7 |  7.3
Fire Magic     | 4 5 6 7 |  7.6
Ice Magic      | 2 4 6 |  6.8
Hexes          | 2 3 4 |  4.3
Invocations    | 3 5 |  5.5
Air Magic      | 1 3 |  3.0
Fighting       | |  0.9

Action                     |  1- 3 |  4- 6 |  7- 9 | 10-12 || total
---------------------------+-------+-------+-------+-------++-------
  Melee: Dagger            |    15 |    38 |       |       ||    53
         Tentacles         |     3 |     7 |     7 |     7 ||    24
         Constrict         |     1 |    13 |     6 |     4 ||    24
         Punch             |     1 |     2 |       |       ||     3
         Staff             |       |     2 |    26 |    19 ||    47
   Cast: Foxfire           |    68 |    80 |   126 |    91 ||   365
         Scorch            |       |    14 |    56 |    67 ||   137
         Flame Wave        |       |       |     7 |    27 ||    34
         Ozocubu's Armour  |       |       |     1 |    11 ||    12
         Inner Flame       |       |       |     6 |     7 ||    13
         Metabolic Englaci |       |       |       |     6 ||     6
         Swiftness         |       |       |       |     3 ||     3
         Dazzling Flash    |       |       |       |     3 ||     3
 Invoke: Channel Magic     |       |       |       |     5 ||     5
  Evoke: Wand              |       |       |     3 |       ||     3
    Use: Scroll            |       |     6 |    10 |     6 ||    22
         Potion            |       |     3 |     3 |     8 ||    14
   Stab: Sleeping          |     4 |     3 |       |     1 ||     8
 Armour: Skin              |     5 |    35 |    36 |    81 ||   157
  Dodge: Dodged            |     9 |    45 |    27 |   100 ||   181

Table legend: (Time is in decaauts)
 A = Elapsed time spent in this place.
 B = Non-inter-level travel time spent in this place.
 C = Inter-level travel time spent in this place.
 D = Time resting spent in this place.
 E = Time spent auto-exploring this place.
 F = Levels seen in this place.
 G = Mean time per level.
                   A        B        C        D        E       F      G
               +--------+--------+--------+--------+--------+-----+--------+
         Total |  13852 |  13471 |    381 |   1682 |   9254 |  13 | 1065.5 |
       Dungeon |  11206 |  10859 |    347 |    885 |   8019 |   9 | 1245.1 |
        Temple |     34 |     21 |     13 |      0 |      0 |   1 |   34.0 |
          Lair |   1970 |   1950 |     20 |    448 |   1096 |   2 |  985.0 |
      Gauntlet |    640 |    640 |      0 |    349 |    139 |   1 |  640.0 |
               +--------+--------+--------+--------+--------+-----+--------+

Top non-repeatable levels by time:
  Lair:1: 1903 daAuts
     D:6: 1682 daAuts
     D:3: 1515 daAuts
     D:1: 1485 daAuts
     D:9: 1467 daAuts
     D:7: 1369 daAuts
     D:4: 1131 daAuts
     D:5: 990 daAuts
     D:2: 914 daAuts
     D:8: 650 daAuts
Gauntlet: 640 daAuts
  Lair:2: 66 daAuts
  Temple: 34 daAuts
